 Dungeon Crawl Stone Soup version 0.31.0-10-gcf4a605ca0 (webtiles) character file.

Game seed: 13890392282432841298

242 DemonSlayer the Digger (level 5, 0/35 HPs)
             Began as a Demonspawn Earth Elementalist on Jan 25, 2024.
             Was a Follower of Dithmenos.
             Slain by a gnoll
             ... wielding a +0 spear
             ... led by a gnoll bouda
              (5 damage)
             ... on level 4 of the Dungeon.
             The game lasted 00:05:12 (2776 turns).

DemonSlayer the Digger (DsEE)                       Turns: 2776, Time: 00:05:13

Health: 0/35       AC:  2    Str:  8    XL:     5   Next: 81%
Magic:  6/10       EV: 12    Int: 16    God:    Dithmenos [*.....]
Gold:   143        SH:  0    Dex: 15    Spells: 2/11 levels left

rFire   . . .        q - +2 dagger (venom)
rCold   . . .        (no shield)
rNeg    . . .        a - +0 robe
rPois   .            (helmet restricted)
rElec   .            (no cloak)
rCorr   .            (no gloves)
SInv    .            (no boots)
Will    .....        (no amulet)
Stlth   ++           (no ring)
HPRegen 0.25/turn    (no ring)
MPRegen 0.12/turn

%: no passive effects
@: wreathed by umbra
A: antennae 1, weakness stinger 2
a: Renounce Religion


You were on level 4 of the Dungeon.
You worshipped Dithmenos.
Dithmenos was aware of your devotion.
You visited 2 branches of the dungeon, and saw 5 of its levels.

You collected 143 gold pieces.

Inventory:

Hand Weapons
 q - a +2 dagger of venom (weapon)
Armour
 a - a +0 robe (worn)
Talismans
 j - a dragon-blood talisman
Scrolls
 b - a scroll of amnesia {unknown}
 c - 3 scrolls of teleportation {unknown}
 d - 2 scrolls of vulnerability {unknown}
 f - a scroll of enchant weapon {unknown}
 i - a scroll of brand weapon {unknown}
 k - a scroll of blinking {unknown}
 m - a scroll of immolation {unknown}
 p - a scroll of fear {unknown}
 r - a scroll of identify {unknown}
Potions
 e - 2 potions of might {unknown}
 g - a potion of brilliance {unknown}
 h - a potion of curing {unknown}
 l - a potion of degeneration {unknown}
 n - 2 potions of ambrosia {unknown}
 o - a potion of mutation {unknown}


   Skills:
 + Level 0.2 Fighting
 + Level 0.1 Short Blades
 + Level 2.3 Dodging
 + Level 2.1 Stealth
 + Level 3.9 Spellcasting
 + Level 1.0 Conjurations
 + Level 4.4 Earth Magic


You had 2 spell levels left.
You knew the following spells:

 Your Spells              Type           Power      Damage    Failure   Level
a - Sandblast             Erth           34%        2d9       2%          1
b - Stone Arrow           Conj/Erth      22%        3d8       17%         3
c - Blink                 Tloc           6%         N/A       26%         2
d - Passwall              Erth           17%        N/A       9%          3

Your spell library contained the following spells:

 Spells                   Type           Power      Damage    Failure   Level
 Momentum Strike          Conj/Tloc      8%         3d8       22%         2
 Lesser Beckoning         Tloc           6%         N/A       26%         2
 Brom's Barrelling Bould  Conj/Erth      11%        2d3       50%         4
 Petrify                  Alch/Erth      10%        N/A       56%         4
 Borgnjor's Vile Clutch   Necr/Erth      5%         N/A       88%         5
 Iskenderun's Battlesphe  Conj           6%         2d6       97%         5
 Fireball                 Conj/Fire      2%         3d4       98%         5
 Alistair's Intoxication  Alch           2%         N/A       99%         5
 Conjure Ball Lightning   Conj/Air       2%         3x3d6     100%        6
 Eringya's Noxious Bog    Alch           1%         4d6       100%        6
 Orb of Destruction       Conj           3%         9d5       100%        7


Dungeon Overview and Level Annotations

Branches:
Dungeon (4/15)             Temple (1/1) D:4

Altars:
Ashenzari
Cheibriados
Dithmenos
Gozag
Hepliaklqana
Makhleb
Okawaru
Ru
Trog
Uskayaw
Vehumet
Wu Jian
Xom
Yredelemnul


Innate Abilities, Weirdness & Mutations

You have a pair of small antennae on your head.
You have a tail ending in a sharp stinger.


Message History

Dithmenos accepts your kill.
The gnoll shouts!
An orc comes into view. It is wielding a +0 dagger.
The gnoll attacks as it pursues you! The gnoll barely misses you.
The gnoll attacks as it pursues you! The gnoll hits you with a +0 club.
The blast of sand hits the gnoll!
You kill the gnoll!
Dithmenos accepts your kill. The gnoll misses you.
The blast of sand misses the gnoll.
The blast of sand hits the gnoll!
You kill the gnoll!
Dithmenos accepts your kill.
The gnoll hits you from afar with a +0 spear.
The gnoll closely misses you.
The blast of sand hits the gnoll.
The gnoll is moderately wounded.
The gnoll hits you but does no damage.
The gnoll hits you from afar with a +0 spear.
The gnoll barely misses you.
The gnoll hits you from afar with a +0 spear.
The blast of sand misses the gnoll.
The gnoll hits you from afar with a +0 spear.
The gnoll closely misses you.
You are too injured to fight recklessly!
You are too injured to fight recklessly!
You are too injured to fight recklessly!
You are too injured to fight recklessly!
Casting: Sandblast (safe; 2% risk of failure)
Confirm with . or Enter, or press ? or * to list all spells.
Aiming: Sandblast (safe; 2% risk of failure)
Press: ? - help, Shift-Dir - straight line, f/p - gnoll
Aim: a gnoll, wielding a +0 spear (moderately wounded, 84% to hit)
The blast of sand hits the gnoll.
The gnoll is severely wounded.
The gnoll hits you from afar with a +0 spear. x2
* * * LOW HITPOINT WARNING * * *
The gnoll hits you from afar with a +0 spear.
* * * LOW HITPOINT WARNING * * *
The gnoll hits you from afar with a +0 spear.
You die...

#.# #.# #.####.###g#
#........g.# ######.#####
#.# ##########)####
#.....†...gg..# #.
#.#########)#.# # ..
#@#.####.# ..
########(#...... . #.#
#............... .. ##.##
#.######.#.#####.#
#...#####.# #.........#.#
..#.....#.## #.#.........#
#.....#....#####.#..######.#
###.8.#..#..........#
...........#######.#######


You could see 2 gnolls.

Vanquished Creatures
  A bullfrog (D:4)
  2 jellies (D:2)
  2 gnolls (D:4)
  3 adders
  3 dart slugs
  2 ribbon worms
  6 ball pythons
  8 endoplasms (D:2)
  A giant cockroach (D:1)
  3 hobgoblins
  3 jackals
  A quokka (D:1)
  6 bats
  3 frilled lizards
  4 goblins (D:1)
  9 kobolds (D:2)
  5 rats
62 creatures vanquished.

Notes
Turn   | Place    | Note
-------+----------+-------------------------------------------
     0 | D:1      | DemonSlayer the Demonspawn Earth Elementalist began the
                  | quest for the Orb.
     0 | D:1      | Reached XP level 1. HP: 13/13 MP: 3/3
   394 | D:1      | Discovered your monstrous ancestry.
   394 | D:1      | Gained mutation: You have a pair of small antennae on your
                  | head. [demonic ancestry]
   394 | D:1      | Reached XP level 2. HP: 19/19 MP: 0/5
   455 | D:2      | Reached skill level 3 in Earth Magic
   869 | D:4      | Found a staircase to the Ecumenical Temple.
   898 | D:4      | Noticed a bullfrog
   901 | D:4      | Killed a bullfrog
   902 | D:4      | Gained mutation: You have a small tail. [demonic ancestry]
   902 | D:4      | Reached XP level 3. HP: 23/24 MP: 2/7
   902 | D:4      | Reached XP level 4. HP: 29/30 MP: 2/8
   906 | D:4      | Learned a level 3 spell: Stone Arrow
   980 | Temple   | Entered the Ecumenical Temple
   989 | Temple   | Became a worshipper of Dithmenos the Shadowed
  2181 | D:2      | Gained mutation: You have a tail ending in a sharp stinger.
                  | [demonic ancestry]
  2181 | D:2      | Reached XP level 5. HP: 35/35 MP: 7/10
  2209 | D:2      | Found an ornate altar of the Wu Jian Council.
  2209 | D:2      | Found a broken altar of Ashenzari.
  2209 | D:2      | Found a shadowy altar of Dithmenos.
  2209 | D:2      | Found a shadowy altar of Dithmenos.
  2209 | D:2      | Found a bloodstained altar of Trog.
  2250 | D:2      | Reached * piety under Dithmenos
  2251 | D:2      | Reached skill level 4 in Earth Magic
  2581 | D:2      | Learned a level 2 spell: Blink
  2585 | D:2      | Learned a level 3 spell: Passwall
  2776 | D:4      | Slain by a gnoll

Illustrated notes

Levels and vault maps discovered:
D:1:      shiori_arrival_whats_in_store_for_you, layout_basic
D:2:      cheibrodos_fertilizer, layout_loops_ring, minmay_split_cup_small
D:3:      layout_basic, uniq_natasha, uniq_crazy_yiuf_cottage
D:4:      layout_loops_ring, minmay_temple_entry_statues_pillars,
          minmay_joined_circles
Temple:   eino_temple_scatter_basement

Skill      XL: |  1  2  3  4  5 |
---------------+----------------+-----
Dodging        | 2 |  2.3
Earth Magic    | 3 4 |  4.4
Stealth        | 2 |  2.1
Spellcasting   | 3 |  3.9
Fighting       | |  0.2
Short Blades   | |  0.1
Conjurations   | |  1.0

Action                     |  1- 3 |  4- 6 || total
---------------------------+-------+-------++-------
  Melee: Dagger            |     2 |    20 ||    22
         Unarmed           |     1 |       ||     1
         Tailslap          |       |     3 ||     3
   Cast: Sandblast         |    29 |    54 ||    83
    Use: Potion            |     1 |       ||     1
   Stab: Sleeping          |       |     3 ||     3
 Armour: Robe              |     9 |    37 ||    46
  Dodge: Dodged            |    18 |    35 ||    53
